 Dungeon Crawl Stone Soup version 0.31-a0-1165-g196b491b36 (webtiles) character file.

Game seed: 6794641504731141681

187 Sweetruy1997 the Shooter (level 5, -1/37 (41) HPs)
             Began as a Formicid Hunter on Dec 10, 2023.
             Slain by Crazy Yiuf
             ... wielding a +3 quarterstaff of chaos
              (13 damage)
             ... on level 3 of the Dungeon.
             The game lasted 00:08:28 (1986 turns).

Sweetruy1997 the Shooter (Formicid Hunter)          Turns: 1986, Time: 00:08:28

HP:   -1/37 (41)    AC:  7    Str: 16    XL:     5   Next: 99%
MP:   0/5           EV: 12    Int:  8    God:
Gold: 95            SH:  0    Dex: 19    Spells: 4/4 levels left

rFire   . . .        k - +0 club
rCold   . . .        (no shield)
rNeg    . . .        c - +3 leather armour
rPois   +            (helmet unavailable)
rElec   .            r - +0 cloak
rCorr   .            (no gloves)
SInv    +            (no boots)
Will    .....        (no amulet)
Stlth   ++           g - ring of poison resistance
HPRegen 0.26/turn    (no ring)
MPRegen 0.09/turn

%: no passive effects
@: drained
A: permanent stasis, dig shafts and tunnels, antennae 3, four strong arms
a: Dig, Shaft Self


You were on level 3 of the Dungeon.
You visited 1 branch of the dungeon, and saw 3 of its levels.

You collected 95 gold pieces.

Inventory:

Hand Weapons
 a - a +0 shortbow
 k - a +0 club (weapon)
Armour
 c - a +3 leather armour (worn)
 r - a +0 cloak (worn)
Jewellery
 g - a ring of poison resistance (left hand)
 m - a +6 ring of strength
Wands
 p - a wand of paralysis (16)
Scrolls
 b - a scroll of butterflies
 d - 2 scrolls of teleportation {unknown}
 f - a scroll of enchant armour
 i - 2 scrolls of identify {unknown}
 q - a scroll of enchant weapon {unknown}
 s - a scroll of poison {unknown}
Potions
 h - a potion of curing
 j - a potion of invisibility {unknown}
 l - a potion of brilliance {unknown}
 n - a potion of degeneration {unknown}
 o - a potion of lignification {unknown}


   Skills:
 - Level 3.0 Fighting
 + Level 0.1 Maces & Flails
 + Level 6.1 Ranged Weapons
 + Level 1.6 Armour
 + Level 1.8 Dodging
 + Level 1.4 Stealth


You had 4 spell levels left.
You didn't know any spells.
Your spell library contained the following spells:

 Spells                   Type           Power      Damage    Failure   Level
 Poisonous Vapours        Pois/Air       0%         N/A       63%         2
 Mephitic Cloud           Conj/Pois/Air  0%         N/A       85%         3
 Freezing Cloud           Conj/Ice/Air   0%         6-21      100%        5


Dungeon Overview and Level Annotations

Branches:
Dungeon (3/15)

Altars:
Gozag
Hepliaklqana

Shops:
D:1 *   D:2 (

Annotations:
D:3 Crazy Yiuf


Innate Abilities, Weirdness & Mutations

You cannot be hasted, slowed, berserked, paralysed or teleported.
You can dig through walls and to a lower floor.
You have a pair of large antennae on your head. (SInv)
Your four strong arms can wield two-handed weapons with a shield.


Message History

You barely miss Crazy Yiuf.
Crazy Yiuf is lightly wounded.
Crazy Yiuf cries, "Citrus hog rumpyflump!"
Crazy Yiuf closely misses you.
Crazy Yiuf hits you with a +3 quarterstaff of chaos.
You hit Crazy Yiuf.
Crazy Yiuf is moderately wounded.
Crazy Yiuf completely misses you.
You barely miss Crazy Yiuf. Your punch misses Crazy Yiuf.
Crazy Yiuf is moderately wounded.
Crazy Yiuf hits you with a +3 quarterstaff of chaos!
Crazy Yiuf burns you.
You hit Crazy Yiuf.
Crazy Yiuf is moderately wounded.
Crazy Yiuf closely misses you. x2
You hit Crazy Yiuf.
Crazy Yiuf is heavily wounded.
Crazy Yiuf hits you with a +3 quarterstaff of chaos!
* * * LOW HITPOINT WARNING * * *
You feel your power leaking away.
Okay, then.
You feel much better.
Crazy Yiuf hits you with a +3 quarterstaff of chaos!
You hit Crazy Yiuf.
Crazy Yiuf is heavily wounded.
Crazy Yiuf hits you with a +3 quarterstaff of chaos!
Crazy Yiuf burns you.
You hit Crazy Yiuf.
Crazy Yiuf is heavily wounded.
Crazy Yiuf hits you with a +3 quarterstaff of chaos. x2
* * * LOW HITPOINT WARNING * * *
You are confused.
It was a potion of curing.
You feel better.
Crazy Yiuf hits you with a +3 quarterstaff of chaos!
* * * LOW HITPOINT WARNING * * *
You feel your power leaking away.
You hit Crazy Yiuf but do no damage.
Crazy Yiuf is heavily wounded.
Crazy Yiuf hits you with a +3 quarterstaff of chaos!
You die...

#..........
#..........
#.........(
###........ ####.....
♣♣♣♣♣##..#..... ###
♣♣♣.♣.P.#..#.....
#...#♣..♣.......##....
#...g@♣♣♣♣♣P....###...
#)..#♣♣ ♣P.#.......#
### ♣♣##.####..#
#........ #.####.##
#######.# ##.##
#......## #...#
#......# #....
#......## #<.#.


You could see Crazy Yiuf.

Vanquished Creatures
  An orc priest (D:3)
  Jessica (D:2)
  2 orc wizards (D:3)
  3 dart slugs
  15 orcs (D:3)
  2 endoplasms
  5 giant cockroaches
  3 goblins
  6 hobgoblins
  3 kobolds
  3 quokkas (D:1)
  5 ball pythons
  5 bats
  A frilled lizard (D:3)
  4 rats
59 creatures vanquished.

Notes
Turn   | Place    | Note
-------+----------+-------------------------------------------
     0 | D:1      | Sweetruy1997 the Formicid Hunter began the quest for the
                  | Orb.
     0 | D:1      | Reached XP level 1. HP: 16/16 MP: 1/1
    55 | D:1      | Reached XP level 2. HP: 23/23 MP: 2/2
   222 | D:1      | Reached XP level 3. HP: 28/28 MP: 3/3
   309 | D:1      | Found Huofeag's General Store.
   847 | D:2      | Found Ypravva's Antique Weapon Emporium.
   891 | D:2      | Noticed Jessica
   897 | D:2      | Killed Jessica
   898 | D:2      | Reached skill level 5 in Ranged Weapons
   898 | D:2      | Reached XP level 4. HP: 30/34 MP: 4/4
  1235 | D:3      | Found an opulent altar of Gozag.
  1235 | D:3      | Found a hazy altar of Hepliaklqana.
  1444 | D:3      | Reached XP level 5. HP: 7/36 MP: 5/5
  1582 | D:3      | Reached skill level 1 in Armour
  1672 | D:3      | Reached skill level 6 in Ranged Weapons
  1966 | D:3      | Found a runed translucent door.
  1967 | D:3      | Noticed Crazy Yiuf
  1986 | D:3      | Slain by Crazy Yiuf

Illustrated notes

Levels and vault maps discovered:
D:1:      saegor_arrival_simple_c, layout_rooms, serial_shops,
          nicolae_shop_window_shopping
D:2:      layout_loops_ring, serial_shops, shop, uniq_jessica
D:3:      layout_rooms, jmf_multi_god_temple, uniq_crazy_yiuf_cottage

Skill      XL: |  1  2  3  4  5 |
---------------+----------------+-----
Ranged Weapons | 5 6 |  6.1
Fighting       | 3 |  3.0
Armour         | 1 |  1.6
Maces & Flails | |  0.1
Dodging        | |  1.8
Stealth        | |  1.4

Action                     |  1- 3 |  4- 6 || total
---------------------------+-------+-------++-------
  Melee: Club              |       |    77 ||    77
   Fire: Shortbow          |    75 |    81 ||   156
Ability: Dig               |     1 |     1 ||     2
  Evoke: Wand              |       |     1 ||     1
    Use: Scroll            |     3 |       ||     3
         Potion            |       |     3 ||     3
 Armour: Leather armour    |     6 |    71 ||    77
  Dodge: Dodged            |     8 |    67 ||    75

Table legend: (Time is in decaauts)
 A = Elapsed time spent in this place.
 B = Non-inter-level travel time spent in this place.
 C = Inter-level travel time spent in this place.
 D = Time resting spent in this place.
 E = Time spent auto-exploring this place.
 F = Levels seen in this place.
 G = Mean time per level.
                   A        B        C        D        E       F      G
               +--------+--------+--------+--------+--------+-----+--------+
         Total |   2028 |   2006 |     22 |    145 |   1399 |   3 |  676.0 |
       Dungeon |   2028 |   2006 |     22 |    145 |   1399 |   3 |  676.0 |
               +--------+--------+--------+--------+--------+-----+--------+

Top non-repeatable levels by time:
     D:3: 779 daAuts
     D:2: 658 daAuts
     D:1: 591 daAuts
